 Dungeon Crawl Stone Soup version 0.30.0-10-gfe55d96785 (webtiles) character file.

Game seed: 5345387407604238122

371 booth the Conjurer (level 6, -1/47 HPs)
             Began as a Demonspawn Reaver on May 14, 2023.
             Was an Initiate of Hepliaklqana.
             Slain by an orc
             ... wielding a +0 war axe
              (8 damage)
             ... on level 4 of the Dungeon.
             The game lasted 00:21:24 (2320 turns).

booth the Conjurer (Demonspawn Reaver)              Turns: 2320, Time: 00:21:25

Health: -1/47      AC:  5    Str: 14    XL:     6   Next: 42%
Magic:  10/10      EV: 12    Int: 21    God:    Hepliaklqana [......]
Gold:   198        SH:  0    Dex: 11    Spells: 3/11 levels left

rFire   + . .        n - +8 short sword of Umos Wyg {venom, rF+ rN+}
rCold   . . .        (no shield)
rNeg    + . .        b - +0 leather armour
rPois   .            (helmet restricted)
rElec   .            (no cloak)
rCorr   .            (no gloves)
SInv    .            (no boots)
Will    .....        g - amulet of regeneration
Stlth   +            k - +6 ring of intelligence
HPRegen 1.07/turn    (no ring)
MPRegen 0.12/turn

%: no passive effects
@: no status effects
A: antennae 1, yellow scales 1, demonic guardian 2
a: Renounce Religion


You were on level 4 of the Dungeon.
You worshipped Hepliaklqana.
Hepliaklqana was noncommittal.
You visited 1 branch of the dungeon, and saw 4 of its levels.

You collected 198 gold pieces.

Inventory:

Hand Weapons
 a - a +0 hand axe of draining
 e - a +0 mace
 n - the +8 short sword of Umos Wyg (weapon) {venom, rF+ rN+}
   (You found it on level 2 of the Dungeon)

   rF:        It protects you from fire.
   rN:        It protects you from negative energy.
Missiles
 t - 6 javelins
Armour
 b - a +0 leather armour (worn)
Jewellery
 d - a +5 ring of evasion
 g - an amulet of regeneration (around neck)
 k - a +6 ring of intelligence (left hand)
Scrolls
 j - 2 scrolls of teleportation
 l - a scroll of blinking
 m - a scroll of fog {unknown}
 o - a scroll of immolation {unknown}
 r - a scroll of butterflies {unknown}
 u - a scroll of magic mapping {unknown}
 v - a scroll of silence
Potions
 c - 3 potions of heal wounds
 f - a potion of haste
 h - a potion of might {unknown}
 i - a potion of brilliance
 p - a potion of berserk rage {unknown}
 q - a potion of flight {unknown}
 s - a potion of ambrosia {unknown}


   Skills:
 + Level 3.1 Fighting
 + Level 1.4 Short Blades
 + Level 3.4 Axes
 + Level 0.4 Armour
 - Level 2.7 Dodging
 + Level 3.0 Spellcasting
 * Level 4.4 Conjurations
 + Level 1.5 Necromancy
 + Level 0.7 Translocations


You had 3 spell levels left.
You knew the following spells:

 Your Spells              Type           Power      Damage    Failure   Level
a - Kiss of Death         Conj/Necr      60%        2d10      4%          1
b - Momentum Strike       Conj/Tloc      26%        3d8       9%          2
c - Hailstorm             Conj/Ice       12%        3d5       21%         3
d - Lesser Beckoning      Tloc           12%        N/A       19%         2

Your spell library contained the following spells:

 Spells                   Type           Power      Damage    Failure   Level
 Gell's Gravitas          Tloc           6%         N/A       36%         3
 Teleport Other           Tloc           6%         N/A       36%         3
 Portal Projectile        Hex/Tloc       8%         N/A       41%         3
 Call Canine Familiar     Summ           3%         N/A       45%         3
 Leda's Liquefaction      Hex/Erth       1%         N/A       86%         4


Dungeon Overview and Level Annotations

Branches:
Dungeon (4/15)             Temple (0/1) D:4

Altars:
Cheibriados
Hepliaklqana
Okawaru
Qazlal
Ru
Sif Muna

Annotations:
D:3 3 runed translucent doors, TheFallenCrow's ghost, amateur DsTm


Innate Abilities, Weirdness & Mutations

You have a pair of small antennae on your head.
You are partially covered in yellow scales. (AC +2)
A demonic guardian rushes to your aid.


Message History

There is a stone staircase leading down here.
You see here a +0 leather armour.
There is a stone staircase leading up here.
An orc comes into view. It is wielding a +0 flail.
The orc shouts!
You hit the orc.
The orc is poisoned.
The orc is heavily wounded.
You kill the orc!
You hit the orc but do no damage.
The orc is poisoned.
The orc hits you with a +0 trident. The orc closely misses you.
You see here a +0 club.
You closely miss the orc. The orc barely misses you. x2
You hit the orc.
The orc is poisoned.
The orc is moderately wounded.
The orc hits you with a +0 war axe. The orc hits you with a +0 trident.
The orc hits you with a +0 flail.
You barely miss the orc.
The orc is moderately wounded.
The orc closely misses you. The orc hits you with a +0 war axe!
The orc closely misses you. The orc completely misses you.
The orc closely misses you. The orc attacks as you move away!
The orc barely misses you. x2
The orc hits you with a +0 flail!
The orc hits you from afar with a +0 trident!
The orc hits you with a +0 war axe.
* * * LOW HITPOINT WARNING * * *
You hit the orc.
The orc is heavily wounded.
You kill the orc!
The orc completely misses you. The orc barely misses you.
Your Spellcasting skill increases to level 3!
You closely miss the orc.
The orc is heavily wounded.
The orc hits you with a +0 war axe!
* * * LOW HITPOINT WARNING * * *
A demonic guardian appears!
The orc misses you.
You hit the orc but do no damage.
The orc is poisoned.
The orc is heavily wounded.
The orc hits you with a +0 war axe!
You die...

...##. ...... ......
....#.##### ###
.#.....#..#######.##
............#.##...##
...............)4<..##
#..>..>..[.....o....#
...............@o....#
........#....##.....####
.......##.>...###..###.##
..............#.....##..#
####....................#
#...................##
##................###
.............####
.............#..##


You could see 2 orcs and a friendly orange demon (summoned).

Vanquished Creatures
  Menkaure (D:4)
  A jelly (D:3)
  2 orc wizards (D:4)
  Robin (D:2)
  7 adders
  5 dart slugs
  A worm (D:2)
  5 orcs
  6 ball pythons
  13 endoplasms
  A giant cockroach (D:2)
  9 goblins
  8 hobgoblins
  3 jackals (D:2)
  6 kobolds
  5 quokkas
  2 bats (D:1)
  2 frilled lizards
  2 rats
80 creatures vanquished.

Vanquished Creatures (collateral kills)
  A ball python (D:3)
1 creature vanquished.

Grand Total: 81 creatures vanquished

Notes
Turn   | Place    | Note
-------+----------+-------------------------------------------
     0 | D:1      | booth the Demonspawn Reaver began the quest for the Orb.
     0 | D:1      | Reached XP level 1. HP: 16/16 MP: 3/3
   153 | D:1      | Gained mutation: You have a pair of small antennae on your
                  | head. [demonic ancestry]
   153 | D:1      | Reached XP level 2. HP: 19/22 MP: 5/5
   584 | D:1      | Gained mutation: You are partially covered in yellow
                  | scales. (AC +2) [demonic ancestry]
   584 | D:1      | Reached XP level 3. HP: 28/28 MP: 6/6
   897 | D:2      | Learned a level 2 spell: Momentum Strike
   901 | D:2      | Learned a level 3 spell: Hailstorm
   964 | D:2      | Identified the +8 short sword of Umos Wyg {venom, rF+ rN+}
  1058 | D:2      | Gained mutation: A weak demonic guardian rushes to your
                  | aid. [demonic ancestry]
  1058 | D:2      | Reached XP level 4. HP: 34/34 MP: 7/7
  1146 | D:2      | Noticed Robin
  1155 | D:2      | Killed Robin
  1167 | D:2      | Found an iron altar of Okawaru.
  1463 | D:3      | Found a runed translucent gate.
  1463 | D:3      | Found a runed translucent gate.
  1464 | D:3      | Found a runed translucent gate.
  1465 | D:3      | Noticed a kobold brigand
  1467 | D:3      | Noticed TheFallenCrow's ghost (amateur DsTm)
  1581 | D:3      | Identified the staff of air "Otwaxaitz" {*Slow rElec rPois
                  | Str+5}
  1706 | D:3      | Found a snail-covered altar of Cheibriados.
  1841 | D:3      | Reached XP level 5. HP: 39/39 MP: 8/8
  1849 | D:3      | Reached skill level 4 in Conjurations
  1856 | D:3      | Found an iron altar of Okawaru.
  1863 | D:3      | Found a shimmering blue altar of Sif Muna.
  1873 | D:3      | Found a hazy altar of Hepliaklqana.
  1877 | D:3      | Found a stormy altar of Qazlal.
  1893 | D:3      | Became a worshipper of Hepliaklqana the Forgotten
  2106 | D:4      | Reached skill level 1 in Necromancy
  2107 | D:4      | Reached skill level 1 in Short Blades
  2134 | D:4      | Learned a level 2 spell: Lesser Beckoning
  2137 | D:4      | Noticed Menkaure
  2147 | D:4      | Killed Menkaure
  2148 | D:4      | Gained mutation: A demonic guardian rushes to your aid.
                  | [demonic ancestry]
  2148 | D:4      | Reached XP level 6. HP: 41/47 MP: 10/10
  2191 | D:4      | Found a staircase to the Ecumenical Temple.
  2231 | D:4      | Found a sacrificial altar of Ru.
  2320 | D:4      | Slain by an orc

Illustrated notes

Levels and vault maps discovered:
D:1:      minmay_arrival_wavy_path, layout_loops_ring
D:2:      layout_rooms, basic_altar, serial_glass, glass_columns_c,
          glass_columns_b, minmay_tripent, uniq_robin
D:3:      layout_rooms, marbit_many_paths, minmay_overflow_temple_star_hex,
          gammafunk_ghost_nasty_kobolds
D:4:      layout_cave_pools, nicolae_ru_awakened_eye, temple_green,
          nicolae_shop_i_like_small_books_too, minmay_door_square, uniq_menkaure

Skill      XL: |  1  2  3  4  5  6 |
---------------+-------------------+-----
Dodging        | 2 |  2.7
Axes           | 3 |  3.4
Conjurations   | 4 |  4.4
Necromancy     | 1 |  1.5
Short Blades   | 1 |  1.4
Fighting       | 3 |  3.1
Spellcasting   | 3 |  3.0
Armour         | |  0.4
Translocations | |  0.7

Action                     |  1- 3 |  4- 6 || total
---------------------------+-------+-------++-------
  Melee: Hand axe          |   143 |       ||   143
         Short sword       |     8 |   104 ||   112
         Punch             |     1 |     2 ||     3
   Cast: Momentum Strike   |       |     1 ||     1
    Use: Scroll            |     4 |     2 ||     6
         Potion            |       |     2 ||     2
 Armour: Leather armour    |    49 |    21 ||    70
  Dodge: Dodged            |    80 |    49 ||   129
